 Dungeon Crawl Stone Soup version 0.17-a0-1133-gfb1399f (webtiles) character file.

202 Fluffy the Skirmisher (level 5, -3/48 HPs)
             Began as a Hill Orc Fighter on May 25, 2015.
             Shot with an arrow by a centaur (11 damage)
             ... on level 3 of the Dungeon.
             The game lasted 00:04:05 (1862 turns).

Fluffy the Skirmisher (Hill Orc Fighter)            Turns: 1862, Time: 00:04:05

Health: -3/48      AC:  7    Str: 19    XL:     5   Next: 80%
Magic:  5/5        EV:  7    Int:  8    God:
Gold:   96         SH:  9    Dex: 11    Spells: 0 memorised, 4 levels left

rFire  . . .     SeeInvis .     a - +0 war axe
rCold  . . .     Clarity  .     b - +0 scale mail
rNeg   . . .     SustAt   .     c - +0 shield
rPois  .         Gourm    .     (no helmet)
rElec  .         Spirit   .     (no cloak)
rCorr  .         Warding  .     (no gloves)
rMut   .         Stasis   +     (no boots)
MR     .....                    k - amulet of stasis
Stlth  ..........               (no ring)
                                (no ring)

@: not resistant to hostile enchantments, extremely unstealthy
A: no striking features
a: no special abilities


You were on level 3 of the Dungeon.
You were not hungry.

You visited 1 branch of the dungeon, and saw 3 of its levels.

You collected 96 gold pieces.

Inventory:

Hand weapons
 a - a +0 war axe (weapon)
Armour
 b - a +0 scale mail (worn)
 c - a +0 shield (worn)
Jewellery
 k - an amulet of stasis (around neck)
Scrolls
 i - a scroll of teleportation {unknown}
 j - 2 scrolls of identify {unknown}
 l - 2 scrolls of enchant armour {unknown}
 n - a scroll of random uselessness {unknown}
 q - 3 scrolls of remove curse {unknown}
 r - a scroll of immolation {unknown}
 t - a scroll of blinking {unknown}
Potions
 f - a potion of cure mutation {unknown}
 h - a potion of resistance {unknown}
 m - a potion of cancellation {unknown}
 o - a potion of brilliance {unknown}
 p - a potion of curing
Comestibles
 d - a meat ration
 e - 3 bread rations
 g - a slice of pizza
 s - a chunk of flesh


   Skills:
 + Level 5.1 Fighting
 + Level 4.9 Axes
 + Level 4.8 Armour
 - Level 3.2 Shields


You had 4 spell levels left.
You didn't know any spells.

Dungeon Overview and Level Annotations

Branches:
Dungeon (3/15)

Altars:
Dithmenos
Trog


Message History

You see here an arrow.
The centaur shoots an arrow.
The arrow barely misses you.
The centaur shoots an arrow.
The arrow hits you!
You see here 2 arrows.
The centaur shoots an arrow.
The arrow barely misses you.
You see here an arrow.
The centaur shoots an arrow.
You block the arrow.
You see here an arrow.
The centaur shoots an arrow.
You block the arrow.
The centaur shoots an arrow.
You block the arrow.
You see here 2 arrows.
Found 9 gold pieces.
You now have 96 gold pieces (gained 9).
There are no items here.
The centaur shoots an arrow.
The arrow closely misses you.
The centaur shoots an arrow.
The arrow hits you.
The centaur shoots an arrow.
The arrow hits you!
* * * LOW HITPOINT WARNING * * *
The centaur shoots an arrow.
The arrow hits you!
You die...

.#..#(...(......#.###.#
.#..#(###._.#.(.......
....#.###...###......
......(.............
...#......S........
...#..#.#.#.####..##
..>.......(........#
.###..#.#.#(#.##(.#
.###..#.#.#.#.##@(##..#
........................
.............Sc.......#.
.###..#.#.#.#.####.##+#
......#.#.#...# .#
..........#...# .# .###.
.# #...# .# ........
..... ...... .#...#


You could see a centaur and an adder.

Vanquished Creatures
  Sigmund (D:2)
  An ooze (D:2)
  An orc (D:3)
  3 bats
  4 giant cockroaches
  6 goblins (D:1)
  6 hobgoblins (D:1)
  3 jackals (D:1)
  A ball python (D:1)
  4 giant newts
  4 kobolds
  4 rats
38 creatures vanquished.

Notes
Turn   | Place    | Note
--------------------------------------------------------------
     0 | D:1      | Fluffy the Hill Orc Fighter began the quest for the Orb.
     0 | D:1      | Reached XP level 1. HP: 19/19 MP: 1/1
   208 | D:1      | Reached XP level 2. HP: 27/27 MP: 2/2
   531 | D:1      | Reached XP level 3. HP: 33/33 MP: 3/3
  1081 | D:2      | Reached skill level 4 in Fighting
  1086 | D:2      | Noticed Sigmund
  1104 | D:2      | Killed Sigmund
  1104 | D:2      | Reached skill level 5 in Fighting
  1104 | D:2      | Reached XP level 4. HP: 9/42 MP: 4/4
  1104 | D:2      | Reached XP level 5. HP: 10/48 MP: 5/5
  1722 | D:3      | Found a shadowy altar of Dithmenos.
  1826 | D:3      | Found a bloodstained altar of Trog.
  1835 | D:3      | Noticed a centaur
  1862 | D:3      | Shot with an arrow by a centaur

Vault maps used:
D:1:      dpeg_chamrin_arrival_tetris, serial_bayou, serial_bayou_shore_b,
          serial_bayou_ford_a, serial_bayou_crossing, serial_bayou_lagoon_a
D:2:      minivault_25, uniq_sigmund
D:3:      lemuel_coloured_pillars_altar, bloody_trog, st_stairs_6,
          corexii_corridor_pit, minmay_misc_feat_columns

Action                   |  1- 3 |  4- 6 || total
-------------------------+-------+-------++-------
Melee: War axe           |    72 |    36 ||   108
  Use: Potion            |     2 |       ||     2
  Eat: Chunk             |       |     3 ||     3
